 Dungeon Crawl Stone Soup version 0.14-a0-1969-g2c76abe (webtiles) character file.

157 Piginabag the Insei (level 4, 3/25 HPs)
             Began as an Octopode Transmuter on Jan 16, 2014.
             Quit the game on Level 2 of the Dungeon.
             The game lasted 00:03:35 (1157 turns).

Piginabag the Insei (Octopode Transmuter)           Turns: 1157, Time: 00:03:35

HP   3/25        AC  1     Str  9      XL: 4   Next: 10%
MP   1/4         EV 13     Int 15      God:
Gold 94          SH  0     Dex 13      Spells:  2 memorised,  3 levels left

rFire  . . .     SeeInvis .       - Unarmed
rCold  . . .     Clarity  .     (no shield)
rNeg   . . .     Conserve .     (helmet restricted)
rPois  .         rCorr    .     (no amulet)
rElec  +         rRot     .     (no ring)
SustAb . .       Spirit   .     (no ring)
rMut   .         Warding  .     (no ring)
Saprov . . .     Stasis   .     (no ring)
MR     .....                    (no ring)
                                (no ring)
                                (no ring)
                                (no ring)

@: very slightly contaminated, not resistant to hostile enchantments, stealthy
A: almost no armour, amphibious, 8 rings, constrict 8, camouflage 1, deformed
body, frail 1, low mp 3, electricity resistance, gelatinous body 1
a: no special abilities


You were on level 2 of the Dungeon.
You were very hungry.

You visited 1 branch of the dungeon, and saw 2 of its levels.

You collected 94 gold pieces.

Inventory:

Missiles
 b - 12 arrows
Comestibles
 a - a bread ration
Scrolls
 f - 2 scrolls of curse armour {unknown}
 g - a scroll of remove curse {unknown}
 h - a scroll of recharging {unknown}
 i - a scroll of curse jewellery {unknown}
 j - a scroll of identify {unknown}
Potions
 e - a potion of brilliance {unknown}
Books
 d - a book of Changes

   Spells                             Type                      Level
   *Beastly Appendage                 Transmutation                1
   Sticks to Snakes                   Transmutation                2
   *Spider Form                       Transmutation/Poison         3
   Ice Form                           Ice/Transmutation            4
   Blade Hands                        Transmutation                5


   Skills:
 + Level 1.1 Fighting
 + Level 3.0 Dodging
 + Level 1.5 Stealth
 + Level 3.5 Unarmed Combat
 + Level 2.2 Spellcasting
 + Level 2.3 Transmutations


You had 3 spell levels left.
You knew the following spells:

 Your Spells              Type           Power        Failure   Level  Hunger
a - Beastly Appendage     Trmt           #.....       12%         1    #......
b - Spider Form           Trmt/Pois      #.........   43%         3    ####...


Dungeon Overview and Level Annotations

Branches:
Dungeon (2/16)

Altars:


Innate Abilities, Weirdness & Mutations

You cannot wear most types of armour.
You are amphibious.
You can wear up to eight rings at the same time.*
You can use your tentacles to constrict many enemies at once.*
Your skin changes colour to match your surroundings (Stlth).*
Your rubbery body absorbs attacks (AC +1).*
Your body is misshapen.*
You are frail (-10% HP).
Your magical capacity is extremely low (-30% MP).
You are resistant to electric shocks.*


Message History

You closely miss the gnoll. Your grab misses the gnoll. You hit the gnoll.
Your grab misses the gnoll. You squeeze the gnoll.
The gnoll is severely wounded.
The gnoll completely misses you.
You barely miss the gnoll. You grab the gnoll.
The gnoll is severely wounded.
You constrict the gnoll. The gnoll hits you with a club!
* * * LOW HITPOINT WARNING * * *
You are too injured to fight recklessly!
Drink which item? (? for menu, Esc to quit)
You feel extremely strange.
You feel insulated.
You feel less energetic.
You feel less energetic.
It was a potion of mutation.
You constrict the gnoll. The gnoll misses you.
You hit the gnoll but do no damage. You squeeze the gnoll.
You kill the gnoll!
You have reached level 4!
Drink which item? (? for menu, Esc to quit)
You feel extremely strange.
Your body twists and deforms.
You feel less energetic.
You feel frail.
Are you sure you want to abandon this character and quit the game? (Confirm with "yes".)

##+######## ####+###
#.........### #......#
#.........'.## #......+
#.........#..#####......#
.##.........##)@)).#......#
.........<..######.'......#
.#.....%....# ###......#
##.........# #......#
########### ########


There were no monsters in sight!

Vanquished Creatures
  3 gnolls (D:2)
  A worm (D:2)
  2 giant geckos (D:1)
  2 giant cockroaches (D:1)
  2 hobgoblins (D:1)
  6 bats (D:1)
  4 giant newts
  3 goblins (D:1)
  3 kobolds (D:1)
  2 rats (D:1)
28 creatures vanquished.

Notes
Turn   | Place    | Note
--------------------------------------------------------------
     0 | D:1      | Piginabag, the Octopode Transmuter, began the quest for the Orb.
     0 | D:1      | Reached XP level 1. HP: 13/13 MP: 3/3
   152 | D:1      | Reached XP level 2. HP: 11/18 MP: 4/4
   723 | D:1      | Reached XP level 3. HP: 23/23 MP: 6/6
   728 | D:1      | Learned a level 3 spell: Spider Form
  1144 | D:2      | Reached skill level 1 in Stealth
  1154 | D:2      | Gained mutation: You are resistant to electric shocks. [potion of mutation]
  1154 | D:2      | Gained mutation: Your magical capacity is low (-10% MP). [potion of mutation]
  1154 | D:2      | Gained mutation: Your magical capacity is very low (-20% MP). [potion of mutation]
  1155 | D:2      | Reached XP level 4. HP: 3/28 MP: 1/5
  1156 | D:2      | Gained mutation: Your body is misshapen. [potion of mutation]
  1156 | D:2      | Gained mutation: Your magical capacity is extremely low (-30% MP). [potion of mutation]
  1156 | D:2      | Gained mutation: You are frail (-10% HP). [potion of mutation]
  1157 | D:2      | Quit the game

Action                   |  1- 3 |  4- 6 || total
-------------------------+-------+-------++-------
Melee: Unarmed           |    69 |       ||    69
 Cast: Beastly Appendage |     7 |       ||     7
       Spider Form       |     1 |       ||     1
  Use: Potion            |     1 |     1 ||     2
 Stab: Sleeping          |     2 |       ||     2
